 Dungeon Crawl Stone Soup version 0.21.1-1-g345015fe64 (webtiles) character file.

80 Naru the Skirmisher (level 4, 0/61 HPs)
             Began as a Hill Orc Monk on June 23, 2018.
             Slain by a hobgoblin (3 damage)
             ... led by Robin
             ... on level 2 of the Dungeon.
             The game lasted 00:04:36 (2474 turns).

Naru the Skirmisher (Hill Orc Monk)                 Turns: 2474, Time: 00:04:36

Health: 0/61       AC: 22    Str: 13    XL:     4   Next: 39%
Magic:  4/4        EV:  2    Int: 11    God:
Gold:   116        SH:  0    Dex: 13    Spells: 3/3 levels left

rFire    . . .     SeeInvis .   h - +0 whip (venom)
rCold    . . .     Gourm    .   (no shield)
rNeg     + + +     Faith    .   (armour currently unavailable)
rPois    +         Spirit   .   (helmet currently unavailable)
rElec    .         Reflect  .   (cloak currently unavailable)
rCorr    .         Harm     .   (gloves currently unavailable)
MR       .....     NoTele   +   (boots currently unavailable)
Stlth    ++........             (no amulet)
HPRegen  0.20/turn              (no ring)
MPRegen  0.09/turn              (no ring)

@: tree-form
A: no striking features
a: no special abilities


You were on level 2 of the Dungeon.
You were not hungry.
You were a tree.
You visited 1 branch of the dungeon, and saw 2 of its levels.

You collected 116 gold pieces.

Inventory:

Hand Weapons
 h - a +0 whip of venom (weapon)
Armour
 d - a +0 chain mail (melded)
Jewellery
 b - a +2 ring of intelligence {unknown}
Scrolls
 a - 2 scrolls of remove curse {unknown}
 f - a scroll of fog {unknown}
 j - a scroll of enchant armour {unknown}
 m - a scroll of immolation {unknown}
Potions
 e - a potion of haste
 i - a potion of might {unknown}
 k - a potion of curing {unknown}
Comestibles
 c - 6 rations
 l - 2 chunks of flesh


   Skills:
 * Level 4.7 Fighting
   Level 3.7 Short Blades
 * Level 0.8 Maces & Flails
 + Level 0.5 Armour
 + Level 2.8 Dodging
 - Level 1.5 Stealth


You had 3 spell levels left.
You didn't know any spells.

Dungeon Overview and Level Annotations

Branches:
Dungeon (2/15)

Altars:
Cheibriados
Hepliaklqana

Annotations:
D:2 Robin


Message History

You barely miss the goblin.
The hobgoblin hits you but does no damage.
The goblin hits you but does no damage.
Robin says, "Kneel, worm!"
The goblin hits you but does no damage.
You barely miss the goblin.
The goblin is severely wounded.
You kill the goblin!
The hobgoblin barely misses you.
Robin roars a battlecry!
The goblin goes into a battle-frenzy!
The goblin hits you but does no damage.
You barely miss the goblin.
The hobgoblin hits you but does no damage.
The goblin hits you but does no damage. x2
You hit the goblin.
The goblin is poisoned.
The goblin is heavily wounded.
The goblin no longer looks unusually strong.
The hobgoblin hits you.
You die...

........# #.# ..g....#
#########.#####
....K.#####.............#
#.g...##.≈≈≈...........#
#.......≈≈≈≈≈##.......)#
#..>....≈≈.≈≈_#........#
#.....#.g≈≈≈)##........#
#....g##g≈≈≈.....<.....#
#....Kg♣g...............
#.....############.#####
#.....# #.#.#.. ###
##....# .#.... ..#
##.......# .#.#.# #.#
#......#.## .#.#.. #.#
#.........# .#.#.# #.#
#..#.#.#.. <#.### #.#
#..#.. #.########.#....


You could see Robin, 2 hobgoblins, 2 goblins and a kobold.

Vanquished Creatures
  2 adders (D:2)
  3 dart slugs
  6 bats (D:1)
  2 bat skeletons (D:2)
  3 giant cockroaches
  11 goblins
  8 hobgoblins
  2 jackals (D:1)
  6 frilled lizards
  6 kobolds
  4 rats
53 creatures vanquished.

Notes
Turn   | Place    | Note
-------+----------+-------------------------------------------
     0 | D:1      | Naru the Hill Orc Monk began the quest for the Orb.
     0 | D:1      | Reached XP level 1. HP: 19/19 MP: 1/1
   343 | D:1      | Reached XP level 2. HP: 19/27 MP: 2/2
   375 | D:1      | Reached skill level 4 in Fighting
   842 | D:1      | Reached XP level 3. HP: 32/33 MP: 3/3
  1852 | D:2      | Found a hazy altar of Hepliaklqana.
  2053 | D:2      | Reached XP level 4. HP: 15/41 MP: 4/4
  2422 | D:2      | Found a snail-covered altar of Cheibriados.
  2433 | D:2      | Noticed Robin
  2463 | D:2      | HP: 1/41 [hobgoblin[Robin] (3)]
  2474 | D:2      | Slain by a hobgoblin

Skill      XL: |  1  2 |
---------------+-------+-----
Fighting       | 4 |  4.7
Short Blades   | |  3.7
Maces & Flails | |  0.8
Armour         | |  0.5
Dodging        | |  2.8
Stealth        | |  1.5

Action                   |  1- 3 |  4- 6 || total
-------------------------+-------+-------++-------
Melee: Short sword       |    84 |       ||    84
       Whip              |    38 |    35 ||    73
  Use: Potion            |       |     1 ||     1
 Stab: Sleeping          |     1 |       ||     1
  Eat: Chunk             |     2 |       ||     2
       Ration            |     1 |       ||     1
Armor: Robe              |    31 |       ||    31
       Chain mail        |    12 |    31 ||    43
       Skin              |       |    19 ||    19
Dodge: Dodged            |    87 |    18 ||   105
